 Dungeon Crawl Stone Soup version 0.27-a0-984-g00e00afbbc (webtiles) character file.

Game seed: 3622934284522640160

588 Jannitor the Cutter (level 7, 0/45 HPs)
             Began as a Djinni Warper on Apr 15, 2021.
             Was an Initiate of Gozag.
             Slain by an ogre
             ... wielding a +0 giant spiked club
              (18 damage)
             ... on level 4 of the Dungeon.
             The game lasted 00:07:15 (5962 turns).

Jannitor the Cutter (Djinni Warper)                 Turns: 5962, Time: 00:07:15

Health: 0/45       AC: 11    Str:  9 (10) XL:     7   Next: 38%
Gold:   521        EV: 12    Int: 17 (19) God:    Gozag SH:  0 Dex: 10 (12)

rFire    + + +     SeeInvis .   a - +0 short sword
rCold    . . .     Faith    .   (no shield)
rNeg     . . .     Spirit   .   i - +2 robe {rC+ rF+}
rPois    ∞         Reflect  .   (no helmet)
rElec    .         Harm     .   m - +0 cloak
rCorr    .         Rampage  .   (no gloves)
Will     .....     Rnd*Rage +   (boots unavailable)
Stlth    ++........             (no amulet)
HPRegen  0.15/turn              (no ring)
MPRegen  0.00/turn              (no ring)

@: ice-armoured, flying
A: fire resistance 2, cold vulnerability 1, float, innate caster, hp casting,
extra vitality 1, berserk 1, clever 1, frail 1
a: Renounce Religion, Potion Petition, Call Merchant, Bribe Branch


You were on level 4 of the Dungeon.
You worshipped Gozag.
Gozag was pleased with you.
You visited 1 branch of the dungeon, and saw 4 of its levels.

You collected 624 gold pieces.
You spent 103 gold pieces at shops.

Inventory:

Hand Weapons
 a - a +0 short sword (weapon)
Missiles
 e - 5 boomerangs of dispersal (quivered)
 g - 4 boomerangs
Armour
 b - a +1 leather armour
 i - a +2 robe of resistance (worn)
 m - a +0 cloak (worn)
Jewellery
 c - a +6 ring of dexterity
 r - a +6 ring of intelligence
Wands
 f - a wand of iceblast (3)
 s - a wand of paralysis (6)
Scrolls
 d - 3 scrolls of blinking
 j - a scroll of magic mapping
 l - a scroll of silence {unknown}
 n - a scroll of noise {unknown}
 o - a scroll of torment {unknown}
 p - 2 scrolls of identify {unknown}
 q - a scroll of brand weapon {unknown}
Potions
 h - a potion of berserk rage {unknown}
 k - a potion of curing


   Skills:
 + Level 3.9 Fighting
 * Level 4.6 Short Blades
 - Level 0.7 Throwing
 - Level 1.0 Armour
 - Level 2.1 Dodging
 + Level 2.8 Stealth
 + Level 4.0 Spellcasting


You couldn't memorise any spells.
You knew the following spells:

 Your Spells              Type           Power      Damage    Failure   Level
a - Blink                 Tloc           N/A        N/A       4%          2
b - Lesser Beckoning      Tloc           8%         N/A       9%          3
c - Gell's Gravitas       Tloc           8%         N/A       9%          3
d - Teleport Other        Tloc           17%        N/A       9%          3
e - Manifold Assault      Tloc           17%        N/A       63%         5
f - Corona                Hex            18%        N/A       3%          1
g - Slow                  Hex            17%        N/A       4%          2
h - Ozocubu's Armour      Ice            17%        N/A       9%          3
Your spell library was empty.

Dungeon Overview and Level Annotations

Branches:
Dungeon (4/15)
 Temple: D:4-7

Altars:
Gozag

Shops:
D:1 *


Innate Abilities, Weirdness & Mutations

You are immune to poison.
Your flesh is very heat resistant. (rF++)
You are vulnerable to cold. (rC-)
You float through the air rather than walking.
You learn spells naturally, not from books.
Your magical power is your life essence.
You have superior vitality. (+4 HP)
You tend to lose your temper in combat.
Your mind is acute. (Int +2)
You are frail. (-10% HP)


Message History

You hit the ogre.
The ogre is moderately wounded.
The ogre closely misses you.
Your magical contamination has completely faded away.
You barely miss the ogre.
The ogre is moderately wounded.
You hit the ogre.
The ogre is moderately wounded.
The ogre closely misses you.
You hit the ogre but do no damage.
The ogre is moderately wounded.
You hit the ogre.
The ogre is moderately wounded.
The ogre barely misses you.
You hit the ogre.
The ogre is heavily wounded.
You hit the ogre.
The ogre is severely wounded.
The ogre barely misses you.
You hit the ogre.
The ogre is severely wounded.
You hit the ogre.
The ogre is severely wounded.
The ogre misses you.
You hit the ogre.
The ogre is almost dead.
You barely miss the ogre.
The ogre is almost dead.
You closely miss the ogre.
The ogre is almost dead.
The ogre hits you with a +0 giant spiked club!
You are too injured to fight recklessly!
You are too injured to fight recklessly!
You hit the ogre but do no damage.
The ogre is almost dead.
You hit the ogre but do no damage.
The ogre is almost dead.
The ogre hits you with a +0 giant spiked club!!
You die...
Your body crumbles into a pile of gold.

#.# #........# # #.# ######.### #
#######.### #.########
#.........# ###########.#......#
#.........# #........##.#......#
##.........# #........##.#......#
.........### #........##.#......#
##############........##.#......#
#..........O@......#.#......#
#.#.#.####.........#.........
#.#.#.# #.........###......#
#.#.#.# #.........# #......#
#.#.#.# #########.# ########
#.#.#.# . ### #.#.#.# #.. #...#.#
#.. #..##.# #..


You could see an ogre (slow).

Vanquished Creatures
  Sigmund (D:2)
  An orc warrior (D:3)
  A water moccasin skeleton (D:4)
  A centaur zombie (D:4)
  An orc priest (D:4)
  Natasha (thrice) (D:3)
  An orc wizard (D:3)
  4 adders (D:4)
  A worm (D:3)
  3 dart slugs
  6 orcs
  2 ball pythons (D:2)
  4 endoplasms
  5 giant cockroaches
  8 goblins
  14 hobgoblins
  2 jackals (D:2)
  4 quokkas
  5 bats
  A frilled lizard (D:3)
  3 kobolds
  5 rats
76 creatures vanquished.

Vanquished Creatures (others)
  An iguana (D:4)
  Ijyb (D:4)
  4 toadstools (D:3)
6 creatures vanquished.

Grand Total: 82 creatures vanquished

Notes
Turn   | Place    | Note
-------+----------+-------------------------------------------
     0 | D:1      | Jannitor the Djinni Warper began the quest for the Orb.
     0 | D:1      | Reached XP level 1. HP: 18/18 MP: 0/0
   188 | D:1      | Reached XP level 2. HP: 23/23 MP: 0/0
   249 | D:1      | Found a faded altar of an unknown god.
   275 | D:1      | Became a worshipper of Gozag Ym Sagoz the Greedy
   812 | D:1      | Reached XP level 3. HP: 24/28 MP: 0/0
   812 | D:1      | Learned a level 1 spell: Corona
  1204 | D:1      | Found Himatzid's Assorted Antiques.
  1213 | D:1      | Bought a black potion for 25 gold pieces
  1213 | D:1      | Bought a cyan potion for 25 gold pieces
  1213 | D:1      | Bought a murky purple potion for 25 gold pieces
  1213 | D:1      | Bought a scroll labelled ADOICI AMEOG for 28 gold pieces
  1507 | D:2      | Reached skill level 1 in Stealth
  1523 | D:2      | Noticed Sigmund
  1526 | D:2      | Killed Sigmund
  1527 | D:2      | Reached XP level 4. HP: 20/35 MP: 0/0
  1527 | D:2      | Reached XP level 5. HP: 22/40 MP: 0/0
  1527 | D:2      | Learned a level 2 spell: Slow
  2561 | D:3      | Noticed an orc warrior
  2584 | D:3      | Killed an orc warrior
  2585 | D:3      | Reached XP level 6. HP: 12/46 MP: 0/0
  3141 | D:3      | Noticed Natasha
  3146 | D:3      | Killed Natasha
  3494 | D:3      | Noticed Natasha
  3506 | D:3      | Killed Natasha
  3767 | D:3      | Noticed Natasha
  3786 | D:3      | Killed Natasha
  4332 | D:4      | Gained mutation: You tend to lose your temper in combat.
                  | [potion of mutation]
  4332 | D:4      | Gained mutation: You are frail. (-10% HP) [potion of
                  | mutation]
  4332 | D:4      | Gained mutation: Your mind is acute. (Int +2) [potion of
                  | mutation]
  4337 | D:4      | Reached XP level 7. HP: 28/45 MP: 0/0
  4337 | D:4      | Learned a level 3 spell: Ozocubu's Armour
  5102 | D:4      | Noticed Ijyb
  5398 | D:4      | Killed Ijyb
  5962 | D:4      | Slain by an ogre

Illustrated notes

Levels and vault maps discovered:
D:1:      dpeg_arrival_line_fractal, layout_basic, serial_shops,
          nicolae_shop_statue_plus, basic_ecumenical_altar
D:2:      cheibrodos_greedy_goblins, layout_basic, uniq_sigmund
D:3:      layout_basic, minmay_gold_behind_fungi,
          chequers_serial_rivers_large_b, uniq_natasha
D:4:      layout_basic, uniq_ijyb

Skill      XL: |  1  2  3  4  5  6  7 |
---------------+----------------------+-----
Short Blades   | 2 3 4 |  4.6
Stealth        | 1 2 |  2.8
Fighting       | 3 |  3.9
Spellcasting   | 3 4 |  4.0
Throwing       | |  0.7
Armour         | |  1.0
Dodging        | |  2.1

Action                   |  1- 3 |  4- 6 |  7- 9 || total
-------------------------+-------+-------+-------++-------
Melee: Short sword       |   109 |   147 |   138 ||   394
 Cast: Slow              |       |     4 |     7 ||    11
       Blink             |       |       |     1 ||     1
       Ozocubu's Armour  |       |       |     1 ||     1
Evoke: Wand              |     3 |     3 |       ||     6
  Use: Scroll            |     2 |       |       ||     2
       Potion            |       |     6 |     2 ||     8
 Stab: Sleeping          |       |       |     2 ||     2
       Invisible         |       |       |     1 ||     1
Armor: Leather armour    |    29 |       |       ||    29
       Robe              |       |    17 |    33 ||    50
       Skin              |       |    12 |       ||    12
Dodge: Dodged            |    75 |    82 |    79 ||   236

Table legend: (Time is in decaauts)
 A = Elapsed time spent in this place.
 B = Non-inter-level travel time spent in this place.
 C = Inter-level travel time spent in this place.
 D = Time resting spent in this place.
 E = Time spent auto-exploring this place.
 F = Levels seen in this place.
 G = Mean time per level.
                   A        B        C        D        E       F      G
               +--------+--------+--------+--------+--------+-----+--------+
         Total |   5951 |   5751 |    200 |   1341 |   3602 |   4 | 1487.8 |
       Dungeon |   5951 |   5751 |    200 |   1341 |   3602 |   4 | 1487.8 |
               +--------+--------+--------+--------+--------+-----+--------+

Top non-repeatable levels by time:
     D:3: 1963 daAuts
     D:4: 1542 daAuts
     D:1: 1259 daAuts
     D:2: 1185 daAuts
